 Dungeon Crawl Stone Soup version 0.22-a0-580-gd5db89c (webtiles) character file.

4494 Hebeh the Cleaver (level 10, -4/88 HPs)
             Began as a Minotaur Fighter on July 2, 2018.
             Was a Priest of Trog.
             Slain by a two-headed ogre
             ... wielding a +0 giant club
              (16 damage)
             ... on level 8 of the Dungeon.
             The game lasted 00:23:37 (7522 turns).

Hebeh the Cleaver (Minotaur Fighter)                Turns: 7522, Time: 00:23:38

Health: -4/88      AC: 16    Str: 24    XL:     10   Next: 16%
Magic:  11/11      EV:  7    Int:  5    God:    Trog [***...]
Gold:   400        SH: 11    Dex: 10    Spells: 9/9 levels left

rFire    + . .     SeeInvis .   a - +0 war axe
rCold    . . .     Gourm    +   c - +0 shield
rNeg     . . .     Faith    .   j - +2 chain mail {rF+}
rPois    .         Spirit   .   (helmet restricted)
rElec    .         Reflect  .   F - +0 cloak {MR+}
rCorr    .         Harm     .   h - +0 pair of gloves
MR       ++++.                  (no boots)
Stlth    ..........             D - amulet of the gourmand
HPRegen  1.24/turn              l - ring of protection from magic
MPRegen  0.12/turn              x - +1 ring of protection

@: berserk cooldown, regenerating, slowed, very slow
A: retaliatory headbutt, horns 2
a: Berserk, Trog's Hand, Renounce Religion


You were on level 8 of the Dungeon.
You worshipped Trog.
Trog was most pleased with you.
You were very full.

You visited 1 branch of the dungeon, and saw 8 of its levels.

You collected 400 gold pieces.

Inventory:

Hand Weapons
 a - a +0 war axe (weapon)
 b - a +0 hunting sling
 s - a +1 whip of freezing
Missiles
 w - 36 sling bullets
Armour
 c - a +0 shield (worn)
 h - a +0 pair of gloves (worn)
 j - a +2 chain mail of fire resistance (worn)
 F - a +0 cloak of magic resistance (worn)
Jewellery
 l - a ring of protection from magic (left hand)
 x - a +1 ring of protection (right hand)
 D - an amulet of the gourmand (around neck)
 H - an uncursed ring of ice {unknown}
Wands
 i - a wand of paralysis (12)
 q - a wand of flame (38)
 v - a wand of iceblast (6)
Scrolls
 e - 3 scrolls of remove curse
 g - 6 scrolls of immolation
 n - 2 scrolls of enchant weapon {unknown}
 t - 4 scrolls of identify
 y - 2 scrolls of enchant armour {unknown}
 A - a scroll of fear {unknown}
 B - a scroll of noise {unknown}
Potions
 d - 3 potions of might
 k - a potion of invisibility {unknown}
 m - 2 potions of lignification {unknown}
 o - a potion of curing {unknown}
 p - a potion of haste {unknown}
 r - a potion of ambrosia
 z - a potion of heal wounds {unknown}
 C - a potion of brilliance {unknown}
 E - a potion of mutation {unknown}
Comestibles
 f - 16 rations


   Skills:
 + Level 8.0 Fighting
 * Level 10.3 Axes
 + Level 4.9 Slings
 + Level 8.0 Armour
 + Level 8.1 Shields
 + Level 3.9 Evocations


You had 9 spell levels left.
You didn't know any spells.
Your spell library was empty.

Dungeon Overview and Level Annotations

Branches:
Dungeon (8/15)             Temple (0/1) D:6
   Lair: D:8-11

Altars:
Ashenzari
Fedhas
Makhleb
Trog
Uskayaw
Zin

Annotations:
D:5 exclusion: oklob plant


Innate Abilities, Weirdness & Mutations

You reflexively headbutt those who attack you in melee.
You have a pair of horns on your head.


Message History

Found a club.
You feel a strong urge to attack something.
You feel your anger nearly subside.
You are no longer berserk.
You are exhausted.
You feel yourself slow down.
You block the two-headed ogre's attack. x2
The gnoll sergeant hits you from afar with a trident of pain.
* * * LOW HITPOINT WARNING * * *
You slash the two-headed ogre!
The two-headed ogre is almost dead.
You feel the effects of Trog's Hand fading.
The two-headed ogre hits you with a giant club!
* * * LOW HITPOINT WARNING * * *
The two-headed ogre hits you but does no damage.
The gnoll sergeant hits you from afar with a trident of pain.
* * * LOW HITPOINT WARNING * * *
You block the gnoll sergeant's attack. You block the two-headed ogre's attack.
The two-headed ogre hits you with a giant club!
You die...

##..# # ##.## #[)#
###### #..##
##....########
#...####.......#.)...
#..))##..............
#..#.)#.)............
#..##..)..g.......#
##.###.......@....#
#..# ##......O....#
#..# #...........#
#..# #...........#
#..# ...>........#
#..# ............#
#..# #............#
#.## ..........#..#
#.# ........###...


You could see a two-headed ogre and a gnoll sergeant.

Vanquished Creatures
  The ghost of Hebeh the Chopper, a novice MiFi (D:4)
  A hornet (D:7)
  2 hippogriffs
  Grum (D:8)
  Duvessa (D:7)
  4 ice beasts
  6 ogres
  A necrophage (D:8)
  2 sky beasts
  2 phantoms
  4 wolves (D:8)
  2 centaurs (D:6)
  A bullfrog (D:7)
  A gnoll sergeant (D:6)
  Dowan (D:7)
  2 scorpions (D:4)
  3 wights (D:7)
  2 crimson imps
  3 jellies (D:7)
  2 orc priests (D:8)
  A bullfrog skeleton (D:6)
  A centaur zombie (D:5)
  4 hounds
  6 orc wizards
  Crazy Yiuf (D:6)
  4 iguanas
  8 worker ants
  A hound zombie (D:7)
  11 adders
  12 gnolls
  A shadow imp (D:8)
  A dart slug (D:2)
  5 leopard geckos
  19 orcs
  3 giant cockroaches
  4 hobgoblins (D:3)
  5 jackals
  8 kobolds
  4 quokkas
  6 bats
  3 frilled lizards
  7 goblins
  A jackal skeleton (D:4)
  A leopard gecko skeleton (D:6)
  4 rats
163 creatures vanquished.

Vanquished Creatures (others)
  14 toadstools (D:5)
14 creatures vanquished.

Grand Total: 177 creatures vanquished

Notes
Turn   | Place    | Note
-------+----------+-------------------------------------------
     0 | D:1      | Hebeh the Minotaur Fighter began the quest for the Orb.
     0 | D:1      | Reached XP level 1. HP: 19/19 MP: 0/0
   142 | D:1      | Reached XP level 2. HP: 25/27 MP: 1/1
   202 | D:1      | Reached skill level 3 in Axes
   208 | D:1      | Found a shattered altar of Ashenzari.
   798 | D:2      | Reached XP level 3. HP: 28/33 MP: 2/2
   889 | D:2      | Found a hide-covered altar of Uskayaw.
   924 | D:2      | Found a burning altar of Makhleb.
  2103 | D:3      | Reached XP level 4. HP: 40/40 MP: 3/3
  2266 | D:3      | Reached skill level 4 in Axes
  2485 | D:4      | Found a bloodstained altar of Trog.
  2485 | D:4      | Noticed an ogre
  2491 | D:4      | Killed an ogre
  2491 | D:4      | Reached XP level 5. HP: 42/47 MP: 4/4
  2501 | D:4      | Became a worshipper of Trog the Wrathful
  2528 | D:4      | Reached skill level 5 in Axes
  2556 | D:4      | Reached skill level 5 in Shields
  2556 | D:4      | Reached XP level 6. HP: 45/55 MP: 5/5
  2627 | D:4      | Found a burning altar of Makhleb.
  2628 | D:4      | Found a glowing silver altar of Zin.
  2628 | D:4      | Noticed an angel
  2629 | D:4      | Noticed an Executioner
  2658 | D:4      | Reached skill level 5 in Fighting
  2665 | D:4      | Reached skill level 5 in Armour
  2850 | D:4      | Reached * piety under Trog
  2862 | D:4      | Found a large runed door.
  2864 | D:4      | Found a large runed door.
  2866 | D:4      | Noticed Hebeh's ghost (novice MiFi)
  3134 | D:4      | Killed Hebeh's ghost
  3134 | D:4      | Reached skill level 6 in Axes
  3134 | D:4      | Reached XP level 7. HP: 11/62 MP: 6/6
  3431 | D:5      | Entered Level 5 of the Dungeon
  3722 | D:5      | Reached skill level 1 in Slings
  3752 | D:5      | Reached skill level 7 in Axes
  3804 | D:5      | Found a blossoming altar of Fedhas.
  3818 | D:5      | Noticed an oklob plant
  3896 | D:5      | Reached skill level 1 in Evocations
  3896 | D:5      | Reached XP level 8. HP: 43/70 MP: 7/7
  4932 | D:6      | Reached skill level 8 in Axes
  5130 | D:6      | Found a staircase to the Ecumenical Temple.
  5277 | D:6      | Reached XP level 9. HP: 68/78 MP: 9/9
  5298 | D:6      | Found a runed door.
  5323 | D:6      | Reached ** piety under Trog
  5558 | D:6      | Noticed Crazy Yiuf
  5565 | D:6      | Killed Crazy Yiuf
  5907 | D:7      | Reached skill level 9 in Axes
  6197 | D:7      | Noticed Duvessa
  6198 | D:7      | Noticed Dowan
  6204 | D:7      | Killed Dowan
  6210 | D:7      | Killed Duvessa
  6843 | D:8      | Noticed Grum
  6847 | D:7      | Paralysed by a hornet for 3 turns
  6852 | D:7      | Paralysed by a hornet for 3 turns
  6944 | D:8      | Killed Grum
  6945 | D:8      | Reached skill level 10 in Axes
  6953 | D:8      | Reached *** piety under Trog
  6953 | D:8      | Reached XP level 10. HP: 61/88 MP: 11/11
  7219 | D:8      | Noticed a two-headed ogre
  7522 | D:8      | Slain by a two-headed ogre

Vault maps used:
D:1:      dpeg_arrival_rooms_c, evilmike_ruin_ashenzari
D:2:      overflow_temple_1_default, first_ration, bloody_makhleb
D:3:      nrook_mini_backslash, st_stairs_8
D:4:      grunt_temple_overflow_order_and_chaos_2, lemuel_crystal_altar,
          serial_bayou, serial_bayou_crossing, serial_bayou_pond_d,
          serial_bayou_pond_c, serial_bayou_pond_b, ebering_ghost_disaster_area
D:5:      tgw_fedhas
D:6:      minmay_temple_entry_overgrown, serial_glass, glass_columns_a,
          glass_columns_b, glass_columns_c, glass_columns_b, glass_columns_a,
          glass_columns_a, glass_columns_b, glass_columns_b,
          minmay_strange_pillars, due_unseen_surprise, columned_hall_lemuel,
          uniq_crazy_yiuf_cottage
D:7:      uniq_duvessa
D:8:      grunt_temple_overflow_diamond, dpeg_oklobed_lair, uniq_grum

Skill      XL: |  1  2  3  4  5  6  7  8  9 10 |
---------------+-------------------------------+-----
Axes           | 3 4 5 6 7 8 10 | 10.3
Fighting       | 4 5 6 7 8 |  8.0
Armour         | 4 5 6 7 8 |  8.0
Shields        | 4 5 6 7 8 |  8.1
Slings         | 1 3 4 |  4.9
Evocations     | 1 2 3 |  3.9

Action                   |  1- 3 |  4- 6 |  7- 9 | 10-12 || total
-------------------------+-------+-------+-------+-------++-------
Melee: War axe           |   107 |    87 |   263 |    82 ||   539
       Headbutt          |    12 |    20 |    63 |    22 ||   117
 Fire: Hunting sling     |       |       |     9 |       ||     9
Invok: Trog's Hand       |       |       |     1 |     2 ||     3
       Berserk           |       |       |       |     1 ||     1
  Use: Scroll            |       |       |     6 |     2 ||     8
  Eat: Chunk             |     4 |     3 |    13 |     9 ||    29
       Ration            |       |       |     1 |       ||     1
Armor: Scale mail        |    16 |       |       |       ||    16
       Chain mail        |    43 |    44 |   131 |    44 ||   262
Dodge: Dodged            |    25 |    14 |    61 |    15 ||   115
Block: Shield            |    53 |    45 |   140 |    57 ||   295

Table legend:
 A = Spawn XP
 B = Non-spawn XP
 C = Spawn XP percentage of total XP
 D = Spawn monster count
 E = Non-spawn monster count
 F = Spawn count percentage of total count
 G = Total turns spent on level
                    A         B        C        D         E        F      G
               +---------+---------+-------+---------+---------+-------+---------
         Total |       0 |    6420 |   0.0 |       0 |     163 |   0.0 |  7522
               +---------+---------+-------+---------+---------+-------+---------
           D:1 |       0 |      22 |   0.0 |       0 |      14 |   0.0 |   548
           D:2 |       0 |      34 |   0.0 |       0 |      12 |   0.0 |   887
           D:3 |       0 |     110 |   0.0 |       0 |      20 |   0.0 |  1017
           D:4 |       0 |     890 |   0.0 |       0 |      19 |   0.0 |   979
           D:5 |       0 |     643 |   0.0 |       0 |      14 |   0.0 |  1258
           D:6 |       0 |    1370 |   0.0 |       0 |      30 |   0.0 |  1002
           D:7 |       0 |    1787 |   0.0 |       0 |      25 |   0.0 |  1204
           D:8 |       0 |    1564 |   0.0 |       0 |      29 |   0.0 |   627
               +---------+---------+-------+---------+---------+-------+---------
